 Dungeon Crawl Stone Soup version 0.28-a0-1117-g0bdd5ba030 (webtiles) character file.

Game seed: 6115407628662977700

3756 karkarkar the Cleaver (level 9, -25/79 HPs)
             Began as a Minotaur Hunter on Dec 11, 2021.
             Was a Follower of the Shining One.
             Annihilated by a phantasmal warrior (28 damage)
             ... led by a death knight
             ... on level 8 of the Dungeon.
             The game lasted 00:33:13 (10271 turns).

karkarkar the Cleaver (Minotaur Hunter)            Turns: 10271, Time: 00:33:14

Health: -25/79     AC: 12    Str: 19    XL:     9   Next: 94%
Magic:  9/11       EV: 13    Int:  8    God:    the Shining One [*.....]
Gold:   219        SH:  8    Dex: 13    Spells: 11/12 levels left

rFire   . . .      SeeInvis +   a - +0 war axe
rCold   + . .      Faith    .   (no shield)
rNeg    . . .      Spirit   .   z - +0 steam dragon scales
rPois   +          Reflect  .   m - +1 hat
rElec   .          Harm     .   l - +0 cloak
rCorr   .          Rampage  .   o - +1 pair of gloves
Will    .....                   r - +0 pair of boots
Stlth   +.........              (no amulet)
HPRegen 0.23/turn               i - ring of wizardry
MPRegen 0.12/turn               E - ring of protection from cold

@: divinely shielded, weak-willed, glowing
A: horns 2, retaliatory headbutt, see invisible, mutation resistance 1, poison
resistance
a: Renounce Religion, Divine Shield


You were on level 8 of the Dungeon.
You worshipped the Shining One.
The Shining One was aware of your devotion.
You visited 1 branch of the dungeon, and saw 8 of its levels.
You also visited: Sewer.

You collected 243 gold pieces.
You spent 24 gold pieces at shops.

Inventory:

Hand Weapons
 a - a +0 war axe (weapon)
 b - a +3 hand crossbow
Missiles
 j - 4 datura-tipped darts
 n - 55 poisoned darts (quivered)
 A - 3 javelins
Armour
 l - a +0 cloak (worn)
 m - a +1 hat (worn)
 o - a +1 pair of gloves (worn)
 r - a +0 pair of boots (worn)
 z - +0 steam dragon scales (worn)
 B - a +0 kite shield
Jewellery
 i - a ring of wizardry (left hand)
 E - a ring of protection from cold (right hand)
Wands
 t - a wand of digging (1)
 y - a wand of acid (7)
 D - a wand of iceblast (7)
Scrolls
 c - 3 scrolls of teleportation
 h - a scroll of fear
 k - 4 scrolls of fog
 s - 2 scrolls of blinking
 v - a scroll of summoning
Potions
 e - a potion of flight {unknown}
 f - 2 potions of might
 g - 2 potions of attraction {unknown}
 p - a potion of resistance {unknown}
 q - 3 potions of heal wounds
 u - 2 potions of curing {unknown}
 w - a potion of cancellation {unknown}
 x - 2 potions of haste {unknown}
 C - a potion of ambrosia {unknown}


   Skills:
 + Level 7.2 Fighting
 + Level 9.5 Axes
 - Level 7.1 Crossbows
 - Level 5.6 Armour
 - Level 3.4 Dodging
 - Level 0.8 Stealth
 + Level 2.2 Shields
 - Level 2.1 Spellcasting
 - Level 2.4 Summonings
 + Level 4.3 Invocations
 + Level 0.1 Evocations


You had 11 spell levels left.
You knew the following spells:

 Your Spells              Type           Power      Damage    Failure   Level
a - Summon Small Mammal   Summ           16%        N/A       5%          1

Your spell library contained the following spells:

 Spells                   Type           Power      Damage    Failure   Level
 Call Imp                 Summ           4%         N/A       9%          2
 Animate Skeleton         Necr           0%         N/A       14%         1
 Apportation              Tloc           0%         N/A       14%         1
 Magic Dart               Conj           0%         1d3       14%         1
 Gell's Gravitas          Tloc           0%         N/A       38%         3
 Mephitic Cloud           Conj/Pois/Air  0%         N/A       38%         3
 Ozocubu's Armour         Ice            0%         N/A       38%         3
 Teleport Other           Tloc           0%         N/A       38%         3
 Animate Armour           Summ/Erth      4%         N/A       61%         4
 Blade Hands              Tmut           0%         N/A       98%         5
 Metabolic Englaciation   Hex/Ice        0%         N/A       98%         5
 Dispersal                Tloc           0%         N/A       100%        6
 Iron Shot                Conj/Erth      0%         9d1       100%        6
 Simulacrum               Ice/Necr       0%         N/A       100%        6


Dungeon Overview and Level Annotations

Branches:
Dungeon (8/15)             Temple (0/1) D:4           Sewer (visited)
   Lair: D:8-11

Altars:
Cheibriados
Gozag
Okawaru
Ru
Trog
Uskayaw
Wu Jian
Zin
The Shining One

Shops:
D:4 (   D:5 *   D:7 *

Annotations:
D:3 1 runed translucent door, Crazy Yiuf


Innate Abilities, Weirdness & Mutations

You have a pair of horns on your head.
You reflexively headbutt those who attack you in melee.
You have supernaturally acute eyesight. (SInv)
You are somewhat resistant to further mutation.
Your system is resistant to poisons. (rPois)


Message History

You slash the phantasmal warrior!
The phantasmal warrior is heavily damaged.
The phantasmal warrior hits you!
Your willpower is stripped away!
You hit the phantasmal warrior.
Your headbutt misses the phantasmal warrior.
The phantasmal warrior is heavily damaged.
The phantasmal warrior hits you but does no damage.
You hit the phantasmal warrior but do no damage.
You headbutt the phantasmal warrior, but do no damage.
The phantasmal warrior is heavily damaged.
You block the phantasmal warrior's attack.
You hit the phantasmal warrior but do no damage.
The phantasmal warrior is heavily damaged.
The phantasmal warrior completely misses you.
You hit the phantasmal warrior.
The phantasmal warrior is heavily damaged.
You block the phantasmal warrior's attack.
You hit the phantasmal warrior.
You headbutt the phantasmal warrior, but do no damage.
The phantasmal warrior is severely damaged.
The phantasmal warrior hits you but does no damage.
You hit the phantasmal warrior but do no damage.
Your headbutt misses the phantasmal warrior.
The phantasmal warrior is severely damaged.
The phantasmal warrior hits you!!
* * * LOW HITPOINT WARNING * * *
Okay, then.
Okay, then.
Okay, then.
You feel much better. The phantasmal warrior hits you!!
* * * LOW HITPOINT WARNING * * *
You hit the phantasmal warrior but do no damage.
Your headbutt misses the phantasmal warrior.
The phantasmal warrior is severely damaged.
The phantasmal warrior hits you!
* * * LOW HITPOINT WARNING * * *
You hit the phantasmal warrior. You headbutt the phantasmal warrior.
The phantasmal warrior is severely damaged.
The phantasmal warrior hits you!!
You die...

................#.#......
#..####.###...........##
#.#.#..###....#........
#.......####..#........
##......## ##..........
##......# ##.<.<......
#.....####...........
##....................
#....@#...#...........
#...W.#...#...........
........#(........#.....
.##..##...........#.....
. ..(. #..###.#........##
.##.. #### #..#.....### .
#......### .. ###....#
#####


You could see a phantasmal warrior.

Vanquished Creatures
  A steam dragon (D:6)
  Edmund (D:6)
  A water moccasin (D:6)
  A sky beast (D:7)
  A black bear (D:2)
  4 ice beasts
  2 ogres
  An orc warrior (D:7)
  2 centaurs
  5 phantoms
  4 kobold brigands
  A bullfrog (D:8)
  3 scorpions
  A water moccasin skeleton (D:4)
  3 wights (D:6)
  11 killer bees (D:7)
  3 hounds
  A centaur skeleton (D:4)
  A centaur zombie (D:4)
  2 bullfrog skeletons
  A gnoll shaman (D:5)
  An iron imp (D:7)
  A jelly (D:6)
  Natasha (twice) (D:4)
  5 iguanas
  An orc wizard (D:3)
  A howler monkey skeleton (D:5)
  A howler monkey zombie (D:7)
  6 adders
  5 gnolls (D:6)
  A river rat (D:6)
  2 white imps
  3 worms
  19 orcs
  7 ball pythons
  10 endoplasms
  7 giant cockroaches
  5 goblins
  12 hobgoblins
  A jackal (D:5)
  15 kobolds
  6 quokkas
  6 bats
  7 frilled lizards
  11 rats
185 creatures vanquished.

Vanquished Creatures (collateral kills)
  An orc warrior (D:7)
  An orc wizard (D:7)
  2 orcs (D:7)
4 creatures vanquished.

Vanquished Creatures (others)
  An ogre (D:7)
  An orc (D:7)
  3 plants (D:4)
5 creatures vanquished.

Grand Total: 194 creatures vanquished

Notes
Turn   | Place    | Note
-------+----------+-------------------------------------------
     0 | D:1      | karkarkar the Minotaur Hunter began the quest for the Orb.
     0 | D:1      | Reached XP level 1. HP: 18/18 MP: 0/0
    74 | D:1      | Reached XP level 2. HP: 25/25 MP: 1/1
    92 | D:1      | Reached skill level 5 in Crossbows
   328 | D:1      | Reached XP level 3. HP: 30/30 MP: 2/2
   332 | D:1      | Found a faded altar of an unknown god.
   729 | D:2      | Noticed a black bear
   953 | D:3      | Reached XP level 4. HP: 37/37 MP: 3/3
   957 | D:3      | Gained mutation: You have sharp fingernails. [potion of
                  | mutation]
   957 | D:3      | Gained mutation: You occasionally shout uncontrollably at
                  | your foes. [potion of mutation]
   957 | D:3      | Gained mutation: Your natural rate of healing is unusually
                  | fast. [potion of mutation]
   980 | D:3      | Lost mutation: You have sharp fingernails. [potion of
                  | mutation]
   980 | D:3      | Lost mutation: You occasionally shout uncontrollably at
                  | your foes. [potion of mutation]
   980 | D:3      | Lost mutation: Your natural rate of healing is unusually
                  | fast. [potion of mutation]
   980 | D:3      | Gained mutation: Your system is resistant to poisons.
                  | (rPois) [potion of mutation]
   980 | D:3      | Gained mutation: You are somewhat resistant to further
                  | mutation. [potion of mutation]
   980 | D:3      | Gained mutation: You have supernaturally acute eyesight.
                  | (SInv) [potion of mutation]
  1020 | D:3      | Noticed an ice beast
  1031 | D:3      | Killed an ice beast
  1032 | D:3      | Reached skill level 1 in Summonings
  1032 | D:3      | Reached XP level 5. HP: 28/44 MP: 3/5
  1034 | D:3      | Learned a level 1 spell: Summon Small Mammal
  1317 | D:3      | Found an ornate altar of the Wu Jian Council.
  1380 | D:3      | Reached skill level 1 in Armour
  1681 | D:3      | Found a glowing golden altar of the Shining One.
  1694 | D:3      | Became a worshipper of the Shining One
  1849 | D:3      | Found a runed translucent door.
  1850 | D:3      | Noticed Crazy Yiuf
  2005 | D:2      | Killed a black bear
  2006 | D:2      | Reached skill level 1 in Spellcasting
  2006 | D:2      | Reached XP level 6. HP: 39/51 MP: 4/6
  2789 | D:4      | Found a hide-covered altar of Uskayaw.
  2835 | D:4      | Reached skill level 1 in Axes
  3100 | D:4      | Found a glowing silver altar of Zin.
  3178 | D:4      | Reached XP level 7. HP: 55/57 MP: 8/8
  3386 | D:4      | Noticed Natasha
  3386 | D:4      | Reached * piety under the Shining One
  3387 | D:4      | Killed Natasha
  3411 | D:4      | Reached skill level 2 in Axes
  3483 | D:4      | Found an opulent altar of Gozag.
  3622 | D:4      | Noticed Natasha
  3624 | D:4      | Killed Natasha
  3653 | D:4      | Found Xotsec's Antique Weapon Shop.
  3707 | D:4      | Found a bloodstained altar of Trog.
  3766 | D:4      | Found a staircase to the Ecumenical Temple.
  3903 | D:5      | Entered Level 5 of the Dungeon
  4079 | D:5      | Reached skill level 1 in Invocations
  4250 | D:5      | Found Ughud's General Store.
  4289 | D:4      | Reached skill level 3 in Axes
  4628 | D:5      | Bought a scroll of identify for 24 gold pieces
  4654 | D:5      | Reached skill level 1 in Shields
  4654 | D:5      | Reached XP level 8. HP: 66/66 MP: 10/10
  4877 | D:5      | Reached skill level 4 in Axes
  4985 | D:5      | Found an iron altar of Okawaru.
  5202 | D:6      | Noticed Edmund
  5215 | D:6      | Killed Edmund
  5358 | D:6      | Found a sacrificial altar of Ru.
  5426 | D:6      | Reached skill level 5 in Axes
  5565 | D:6      | Reached skill level 5 in Armour
  5668 | D:6      | Found a glowing drain.
  5672 | Sewer    | Entered a sewer
  5864 | Sewer    | Reached skill level 6 in Axes
  5868 | Sewer    | Reached skill level 5 in Fighting
  5868 | Sewer    | Reached XP level 9. HP: 59/74 MP: 11/11
  7259 | D:6      | Reached skill level 7 in Axes
  7797 | D:7      | Found a snail-covered altar of Cheibriados.
  8244 | D:7      | Reached skill level 8 in Axes
  9363 | D:7      | Found Olecel's Fire Supplies.
  9363 | D:7      | Reached ** piety under the Shining One
  9366 | D:7      | Reached skill level 9 in Axes
  9778 | D:8      | Noticed a death knight
 10255 | D:8      | Noticed a phantasmal warrior
 10270 | D:8      | HP: 3/79 [phantasmal warrior[a death knight] (11)]
 10271 | D:8      | Annihilated by a phantasmal warrior

Illustrated notes

Levels and vault maps discovered:
D:1:      lightli_molten_gateway, layout_basic,
          ebering_ecumenical_altar_sacrificial, minmay_hedge_maze
D:2:      layout_basic
D:3:      layout_loops_ring, mainiacjoe_overflow_alcove_4,
          mainiacjoe_overflow_catwalk, minmay_crystal_room,
          uniq_crazy_yiuf_cottage
D:4:      layout_loops_corners, pdpol_temple_overflow_zin_treasury_gozag_greed,
          lemuel_crystal_altar, mainiacjoe_overflow_six_doors_small,
          lemuel_temple_firewalk_a, serial_shops,
          nicolae_shop_overgrown_old_shop, uniq_natasha
D:5:      layout_rooms, marbit_many_paths, serial_shops, nicolae_shop_stone
D:6:      layout_basic, lemuel_doored_altar, gup_sewer_entry_spiral, uniq_edmund
D:7:      layout_loops_corners, slow_altar_1, nicolae_shop_fire_sale
          [nicolae_sub_dead_trees], dk_vineyard_2, nicolae_zen_rock_garden
D:8:      layout_cave_pools, makhleb_grotto_becter

Skill      XL: |  1  2  3  4  5  6  7  8  9 |
---------------+----------------------------+-----
Crossbows      | 5 6 7 |  7.1
Summonings     | 1 2 |  2.4
Armour         | 1 2 3 5 |  5.6
Fighting       | 3 5 7 |  7.2
Spellcasting   | 1 2 |  2.1
Axes           | 1 3 6 9 |  9.5
Invocations    | 2 3 4 |  4.3
Shields        | 1 2 |  2.2
Dodging        | 3 |  3.4
Stealth        | |  0.8
Evocations     | |  0.1

Action                   |  1- 3 |  4- 6 |  7- 9 || total
-------------------------+-------+-------+-------++-------
Melee: Short sword       |     5 |     4 |       ||     9
       Headbutt          |     1 |    15 |    48 ||    64
       Hand axe          |       |    50 |    57 ||   107
       War axe           |       |       |   255 ||   255
 Fire: Hand crossbow     |    63 |    41 |    41 ||   145
Throw: Dart              |       |     1 |    38 ||    39
       Javelin           |       |       |     3 ||     3
 Cast: Summon Small Mamm |       |     4 |     5 ||     9
Invok: Divine Shield     |       |       |     9 ||     9
Evoke: Wand              |       |       |     1 ||     1
  Use: Scroll            |     1 |     2 |     8 ||    11
       Potion            |       |     2 |     2 ||     4
Armor: Leather armour    |     3 |     5 |       ||     8
       Ring mail         |       |    30 |    98 ||   128
       Steam dragon scal |       |       |    28 ||    28
Dodge: Dodged            |     8 |    42 |   202 ||   252
Block: Other             |       |       |    30 ||    30

Table legend: (Time is in decaauts)
 A = Elapsed time spent in this place.
 B = Non-inter-level travel time spent in this place.
 C = Inter-level travel time spent in this place.
 D = Time resting spent in this place.
 E = Time spent auto-exploring this place.
 F = Levels seen in this place.
 G = Mean time per level.
                   A        B        C        D        E       F      G
               +--------+--------+--------+--------+--------+-----+--------+
         Total |  10449 |   9792 |    657 |   1500 |   6206 |   9 | 1161.0 |
       Dungeon |   9872 |   9215 |    657 |   1420 |   5895 |   8 | 1234.0 |
         Sewer |    577 |    577 |      0 |     80 |    310 |   1 |  577.0 |
               +--------+--------+--------+--------+--------+-----+--------+

Top non-repeatable levels by time:
     D:7: 2307 daAuts
     D:6: 1867 daAuts
     D:4: 1705 daAuts
     D:5: 1141 daAuts
     D:3: 1114 daAuts
     D:2: 794 daAuts
     D:1: 742 daAuts
   Sewer: 577 daAuts
     D:8: 200 daAuts
